 Dungeon Crawl Stone Soup version 0.30.0-5-g1a98f26d00 (webtiles) character file.

Game seed: 9011217887215543422

130 cheesebisquit the Trooper (level 4, -1/42 HPs)
             Began as a Draconian Fire Elementalist on May 9, 2023.
             Slain by an orc
             ... wielding a +0 hand axe
              (4 damage)
             ... on level 3 of the Dungeon.
             The game lasted 00:06:41 (2560 turns).

cheesebisquit the Trooper (DrFE)                    Turns: 2560, Time: 00:06:42

Health: -1/42      AC:  5    Str: 10    XL:     4   Next: 90%
Magic:  4/7        EV: 12    Int: 18    God:
Gold:   125        SH:  0    Dex: 11    Spells: 6/7 levels left

rFire   + . .        k - +2 flail (holy)
rCold   . . .        (no shield)
rNeg    . . .        (body armour unavailable)
rPois   .            (helmet restricted)
rElec   .            (no cloak)
rCorr   .            (no gloves)
SInv    .            (no boots)
Will    .....        c - amulet of the acrobat
Stlth   ++           j - ring of protection from fire
HPRegen 0.27/turn    l - ring of wizardry
MPRegen 0.10/turn

%: acrobat, wizardry (x1)
@: no status effects
A: AC +5, unfitting armour, cold-blooded
a: no special abilities


You were on level 3 of the Dungeon.
You visited 1 branch of the dungeon, and saw 3 of its levels.

You collected 125 gold pieces.

Inventory:

Hand Weapons
 k - a +2 flail of holy wrath (weapon)
Jewellery
 c - an amulet of the acrobat (around neck)
 j - a ring of protection from fire (left hand)
 l - a ring of wizardry (right hand)
Scrolls
 b - a scroll of amnesia {unknown}
 e - a scroll of identify {unknown}
 h - a scroll of immolation {unknown}
 i - a scroll of enchant weapon {unknown}
 m - a scroll of torment {unknown}
Potions
 a - a potion of magic
 d - a potion of mutation {unknown}
 f - a potion of attraction {unknown}
 g - 2 potions of curing {unknown}
 n - a potion of flight {unknown}


   Skills:
 + Level 5.1 Fighting
 - Level 1.7 Dodging
 - Level 1.7 Stealth
 - Level 2.0 Spellcasting
 - Level 1.0 Conjurations
 - Level 3.0 Fire Magic


You had 6 spell levels left.
You knew the following spells:

 Your Spells              Type           Power      Damage    Failure   Level
a - Foxfire               Conj/Fire      36%        2x1d5     3%          1

Your spell library contained the following spells:

 Spells                   Type           Power      Damage    Failure   Level
 Scorch                   Fire           24%        2d6       3%          2
 Inner Flame              Hex/Fire       7%         N/A       12%         3
 Volatile Blastmotes      Fire/Tloc      14%        2d11      12%         3
 Flame Wave               Conj/Fire      9%         2d6       30%         4


Dungeon Overview and Level Annotations

Branches:
Dungeon (3/15)

Altars:


Innate Abilities, Weirdness & Mutations

Your plain brown scales are hard. (AC +5)
You cannot fit into any form of body armour.
You are cold-blooded and may be slowed by cold attacks.


Message History

The orc wizard is heavily wounded.
The orc wizard closely misses you.
The orc priest calls upon Beogh to heal the orc.
The orc's wounds heal themselves!
The orc wizard closely misses you.
Casting: Foxfire (safe; 3% risk of failure)
Press: ? - help, Q - select action Dir - look around, f - activate You conjure some foxfire!
The orc wizard barely misses you. The goblin hits you with a +0 club.
The orc misses you.
The orc hits your foxfire with a +0 hand axe.
The orc barely misses your foxfire.
The foxfire hits the orc priest.
The orc priest is lightly wounded.
You thump the orc priest!
The orc priest is almost dead.
The foxfire hits the orc.
The orc is lightly wounded.
The orc hits you with a +0 hand axe. The goblin misses you.
The orc wizard hits you but does no damage.
Casting: Foxfire (safe; 3% risk of failure)
Press: ? - help, Q - select action Dir - look around, f - activate You conjure some foxfire!
The orc wizard points at you and mumbles some strange words.
The puff of flame hits you. You resist.
* * * LOW HITPOINT WARNING * * *
The orc hits you with a +0 hand axe.
* * * LOW HITPOINT WARNING * * *
The orc hits your foxfire with a +0 hand axe.
The orc priest closely misses you. The goblin hits you with a +0 club.
* * * LOW HITPOINT WARNING * * *
You closely miss the orc priest.
You tail-slap the orc priest, but do no damage.
The orc priest is almost dead.
The foxfire hits the orc.
The orc is moderately wounded.
The foxfire hits the orc wizard.
The orc wizard is heavily wounded.
The goblin hits you with a +0 club.
* * * LOW HITPOINT WARNING * * *
The orc priest closely misses you. The orc hits you with a +0 hand axe.
You die...

#......#..##......#.#...#
#..#
.....#.[......###.###.#
#>.# #..#.#.#....#....
#.###..## #....#......#####
#...#.#.#
#..#####....~≈≈≈≈≈~.#.#..##
#....#...#..#######.#....#
#.##.#.####.#... #.#..#.#
#.##...###..###.###.#..#.#
#.#####.#o@o..# #........#
#.# ##.#og..#.#...#.)###
#........#.##.......#..#
##########.# ##..#..#..##
... .......#.).## #..
............# ####
#####))....# #<...>.#
#.#<..##


You could see an orc priest, an orc wizard, an orc and a goblin.

Vanquished Creatures
  An orc wizard (D:3)
  4 gnolls (D:2)
  An adder (D:2)
  A worm (D:2)
  2 orcs (D:3)
  3 bats
  3 endoplasms
  A giant cockroach (D:1)
  A goblin (D:2)
  7 hobgoblins
  12 jackals
  3 quokkas (D:1)
  2 ball pythons
  A frilled lizard (D:1)
  2 kobolds
  8 rats
52 creatures vanquished.

Vanquished Creatures (others)
  170 foxfires
170 creatures vanquished.

Grand Total: 222 creatures vanquished

Notes
Turn   | Place    | Note
-------+----------+-------------------------------------------
     0 | D:1      | cheesebisquit the Draconian Fire Elementalist began the
                  | quest for the Orb.
     0 | D:1      | Reached XP level 1. HP: 14/14 MP: 3/3
    93 | D:1      | Reached skill level 1 in Fighting
   270 | D:1      | Reached XP level 2. HP: 21/24 MP: 0/5
   274 | D:1      | Reached skill level 2 in Fighting
   822 | D:1      | Reached skill level 3 in Fighting
   945 | D:1      | Reached XP level 3. HP: 31/31 MP: 4/6
  1523 | D:2      | Reached skill level 4 in Fighting
  1540 | D:2      | Reached XP level 4. HP: 3/40 MP: 0/7
  2412 | D:3      | Reached skill level 5 in Fighting
  2560 | D:3      | Slain by an orc

Illustrated notes

Levels and vault maps discovered:
D:1:      dpeg_arrival_ternary, layout_basic
D:2:      layout_basic
D:3:      layout_loops_ring, serial_shops, nicolae_shop_back_alley_shop,
          grunt_decor_cap, uniq_terence

Skill      XL: |  1  2  3  4 |
---------------+-------------+-----
Fighting       | 1 3 4 5 |  5.1
Dodging        | |  1.7
Stealth        | |  1.7
Spellcasting   | |  2.0
Conjurations   | |  1.0
Fire Magic     | |  3.0

Action                     |  1- 3 |  4- 6 || total
---------------------------+-------+-------++-------
  Melee: Unarmed           |    65 |       ||    65
         Tailslap          |     6 |     1 ||     7
         Flail             |       |    13 ||    13
   Cast: Foxfire           |    65 |    31 ||    96
 Armour: Skin              |    25 |     8 ||    33
  Dodge: Dodged            |    73 |    18 ||    91
